 Dungeon Crawl Stone Soup version 0.25-a0-578-gc91f01c39c (webtiles) character file.

Game seed: 14918692696371814684, levelgen mode: deterministic

228 Kohma the Insei (level 6, -2/47 HPs)
             Began as a Gnoll Transmuter on Mar 6, 2020.
             Slain by Grinder (6 damage)
             ... while paralysed by Grinder
             ... on level 4 of the Dungeon.
             The game lasted 00:06:35 (3054 turns).

Kohma the Insei (Gnoll Transmuter)                  Turns: 3054, Time: 00:06:35

Health: -2/47      AC:  2    Str: 12    XL:     6   Next: 2%
Magic:  8/13       EV:  2    Int: 18    God:
Gold:   92         SH:  0    Dex: 15    Spells: 5/15 levels left

rFire    . . .     SeeInvis .     - Unarmed
rCold    . . .     Gourm    .   (no shield)
rNeg     . . .     Faith    .   b - +0 robe
rPois    .         Spirit   .   (no helmet)
rElec    .         Reflect  .   (no cloak)
rCorr    .         Harm     .   (no gloves)
MR       .....                  (no boots)
Stlth    ++........             (no amulet)
HPRegen  0.15/turn              (no ring)
MPRegen  0.13/turn              (no ring)

@: paralysed
A: distributed training, fangs 1, strong nose
a: no special abilities


You were on level 4 of the Dungeon.
You were not hungry.

You visited 2 branches of the dungeon, and saw 5 of its levels.

You collected 92 gold pieces.

Inventory:

Hand Weapons
 i - a +1 dagger of venom
Missiles
 a - 40 arrows
Armour
 b - a +0 robe (worn)
 c - a +0 kite shield
Jewellery
 h - a +5 ring of intelligence {unknown}
 n - an uncursed ring of resist corrosion {unknown}
 s - an uncursed ring of protection from fire {unknown}
Scrolls
 e - 3 scrolls of identify {unknown}
 j - a scroll of teleportation {unknown}
 l - a scroll of noise {unknown}
 m - a scroll of enchant weapon {unknown}
 o - a scroll of fog {unknown}
 p - a scroll of fear {unknown}
 q - a scroll of amnesia {unknown}
Potions
 f - a potion of invisibility {unknown}
 g - 2 potions of stabbing {unknown}
 k - a potion of curing {unknown}
 r - a potion of brilliance {unknown}
Comestibles
 d - 4 rations


   Skills:
 + Level 3.1 Fighting
 + Level 1.7 Short Blades
 + Level 1.7 Long Blades
 + Level 1.7 Axes
 + Level 1.7 Maces & Flails
 + Level 1.7 Polearms
 + Level 1.7 Staves
 + Level 1.7 Slings
 + Level 1.7 Bows
 + Level 1.7 Crossbows
 + Level 1.7 Throwing
 + Level 1.7 Armour
 + Level 4.9 Dodging
 + Level 1.7 Stealth
 + Level 1.7 Shields
 + Level 6.7 Unarmed Combat
 + Level 5.2 Spellcasting
 + Level 1.3 Conjurations
 + Level 1.3 Hexes
 + Level 1.3 Charms
 + Level 1.3 Summonings
 + Level 1.3 Necromancy
 + Level 1.3 Translocations
 + Level 4.0 Transmutations
 + Level 1.3 Fire Magic
 + Level 1.3 Ice Magic
 + Level 1.3 Air Magic
 + Level 1.3 Earth Magic
 + Level 1.3 Poison Magic
 + Level 1.9 Invocations
 + Level 1.7 Evocations


You had 5 spell levels left.
You knew the following spells:

 Your Spells              Type           Power        Failure   Level  Hunger
a - Beastly Appendage     Tmut           ###...       2%          1    None
b - Sticks to Snakes      Tmut           ###.....     3%          2    #......
c - Spider Form           Tmut/Pois      ##........   13%         3    ##.....
d - Ice Form              Ice/Tmut       ##......     38%         4    ####...

Your spell library contained the following spells:

 Spells                   Type           Power        Failure   Level  Hunger
 Blade Hands              Tmut           ###.......   56%         5    ######.


Dungeon Overview and Level Annotations

Branches:
Dungeon (4/15)             Temple (1/1) D:4

Altars:
Dithmenos
Fedhas
Gozag
Hepliaklqana
Kikubaaqudgha
Qazlal
Ru
Sif Muna
Trog
Vehumet
Wu Jian
Xom
Yredelemnul
Zin
The Shining One

Annotations:
D:4 Grinder


Innate Abilities, Weirdness & Mutations

Your experience applies equally to all skills.
You have very sharp teeth.
Your uncanny sense of smell can sniff out nearby items.


Message History

You hit Grinder.
Grinder is lightly wounded.
Grinder gestures at you. You resist with significant effort.
You hit Grinder.
Grinder is moderately wounded.
Grinder barely misses you.
You hit Grinder.
Grinder is poisoned.
Grinder is moderately wounded.
You hit Grinder.
Grinder is heavily wounded.
Grinder gestures at you.
You suddenly lose the ability to move!
Grinder hits you!
* * * LOW HITPOINT WARNING * * *
Your transformation has ended.
Your +0 robe unmelds from your body.
Grinder hits you.
* * * LOW HITPOINT WARNING * * *
Grinder hits you.
You die...

#......... #.........
##.###......... ..
.....>...# ####.
#.#......######
.....##.#.#.........#
.###.................. ∆
............≈≈≈≈≈..... #
.####..5@..≈≈≈≈≈≈≈≈≈... ..
.........≈≈≈≈≈≈≈≈≈≈≈≈≈.
#<#######..≈≈≈≈≈≈...≈≈≈≈≈≈
#...>..<...≈≈≈≈≈≈.>.≈≈≈≈≈≈
####.##.##.≈≈≈≈≈≈...≈≈≈≈≈≈
#........≈≈≈≈≈≈≈≈≈≈≈≈≈≈≈
#.....##..≈≈≈≈≈≈≈≈≈≈≈≈≈.
#.....##....≈≈≈≈≈≈≈≈≈...
#.....+.......≈≈≈≈≈.....


You could see Grinder.

Vanquished Creatures
  A phantom (D:4)
  A jelly (D:3)
  3 adders
  2 worms
  2 dart slugs
  3 leopard geckos
  7 bats
  4 giant cockroaches
  7 goblins
  7 hobgoblins
  10 jackals (D:2)
  3 kobolds
  2 quokkas
  5 frilled lizards
  A leopard gecko skeleton (D:4)
  7 rats
65 creatures vanquished.

Notes
Turn   | Place    | Note
-------+----------+-------------------------------------------
     0 | D:1      | Kohma the Gnoll Transmuter began the quest for the Orb.
     0 | D:1      | Reached XP level 1. HP: 17/17 MP: 6/6
   270 | D:1      | Reached XP level 2. HP: 23/23 MP: 7/7
  1059 | D:2      | Reached XP level 3. HP: 27/28 MP: 9/9
  1076 | D:2      | Reached skill level 5 in Spellcasting
  1166 | D:2      | Learned a level 2 spell: Sticks to Snakes
  1328 | D:2      | Reached skill level 1 in Invocations
  1437 | D:2      | Reached skill level 1 in Short Blades
  1437 | D:2      | Reached skill level 1 in Long Blades
  1437 | D:2      | Reached skill level 1 in Axes
  1437 | D:2      | Reached skill level 1 in Maces & Flails
  1437 | D:2      | Reached skill level 1 in Polearms
  1437 | D:2      | Reached skill level 1 in Staves
  1437 | D:2      | Reached skill level 1 in Slings
  1437 | D:2      | Reached skill level 1 in Bows
  1437 | D:2      | Reached skill level 1 in Crossbows
  1437 | D:2      | Reached skill level 1 in Throwing
  1437 | D:2      | Reached skill level 1 in Armour
  1437 | D:2      | Reached skill level 1 in Stealth
  1437 | D:2      | Reached skill level 1 in Shields
  1437 | D:2      | Reached skill level 1 in Evocations
  1437 | D:2      | Reached XP level 4. HP: 10/34 MP: 9/11
  1709 | D:2      | Found a basalt altar of Yredelemnul.
  1976 | D:2      | Learned a level 3 spell: Spider Form
  1981 | D:2      | Learned a level 4 spell: Ice Form
  2217 | D:3      | Reached skill level 1 in Conjurations
  2217 | D:3      | Reached skill level 1 in Hexes
  2217 | D:3      | Reached skill level 1 in Charms
  2217 | D:3      | Reached skill level 1 in Summonings
  2217 | D:3      | Reached skill level 1 in Necromancy
  2217 | D:3      | Reached skill level 1 in Translocations
  2217 | D:3      | Reached skill level 1 in Fire Magic
  2217 | D:3      | Reached skill level 1 in Ice Magic
  2217 | D:3      | Reached skill level 1 in Air Magic
  2217 | D:3      | Reached skill level 1 in Earth Magic
  2217 | D:3      | Reached skill level 1 in Poison Magic
  2217 | D:3      | Reached XP level 5. HP: 37/40 MP: 8/12
  2282 | D:3      | Found a shimmering altar of Xom.
  2283 | D:3      | Found a sacrificial altar of Ru.
  2285 | D:3      | Found a glowing golden altar of the Shining One.
  2528 | D:4      | Noticed a phantom
  2558 | D:4      | Killed a phantom
  2558 | D:4      | Reached XP level 6. HP: 14/47 MP: 13/13
  2761 | D:4      | Found a staircase to the Ecumenical Temple.
  2779 | D:4      | Noticed Grinder
  2785 | Temple   | Entered the Ecumenical Temple
  3034 | D:4      | Paralysed by Grinder for 3 turns
  3040 | D:4      | Paralysed by Grinder for 3 turns
  3051 | D:4      | Paralysed by Grinder for 3 turns
  3054 | D:4      | Slain by Grinder

Levels and vault maps discovered:
D:1:      sevenhm_arrival_forest_fort_large_2, layout_loops_cross,
          eino_curves_04
D:2:      layout_loops_ring, yredelemnul_altar_generic
D:3:      layout_rooms, chequers_temple_overflow_statue_of_worship
D:4:      layout_basic, temple_pool_b, first_ration, minmay_fractal_squares_5,
          uniq_grinder
Temple:   minmay_temple_curvy_loop

Skill      XL: |  1  2  3  4  5 |
---------------+----------------+-----
Spellcasting   | 5 |  5.2
Invocations    | 1 |  1.9
Short Blades   | 1 |  1.7
Long Blades    | 1 |  1.7
Axes           | 1 |  1.7
Maces & Flails | 1 |  1.7
Polearms       | 1 |  1.7
Staves         | 1 |  1.7
Slings         | 1 |  1.7
Bows           | 1 |  1.7
Crossbows      | 1 |  1.7
Throwing       | 1 |  1.7
Armour         | 1 |  1.7
Stealth        | 1 |  1.7
Shields        | 1 |  1.7
Evocations     | 1 |  1.7
Conjurations   | 1 |  1.3
Hexes          | 1 |  1.3
Charms         | 1 |  1.3
Summonings     | 1 |  1.3
Necromancy     | 1 |  1.3
Translocations | 1 |  1.3
Fire Magic     | 1 |  1.3
Ice Magic      | 1 |  1.3
Air Magic      | 1 |  1.3
Earth Magic    | 1 |  1.3
Poison Magic   | 1 |  1.3
Fighting       | 3 |  3.1
Transmutations | 4 |  4.0
Dodging        | |  4.9
Unarmed Combat | |  6.7

Action                   |  1- 3 |  4- 6 || total
-------------------------+-------+-------++-------
Melee: Unarmed           |   100 |   104 ||   204
       Bite              |     8 |     9 ||    17
       Punch             |     1 |       ||     1
       Kick              |     2 |       ||     2
       Headbutt          |       |     1 ||     1
 Cast: Beastly Appendage |     3 |     2 ||     5
       Spider Form       |       |    10 ||    10
 Stab: Sleeping          |     1 |     3 ||     4
  Eat: Chunk             |     2 |     4 ||     6
       Ration            |       |     1 ||     1
Armor: Robe              |    19 |     4 ||    23
       Skin              |       |     1 ||     1
Dodge: Dodged            |    65 |    82 ||   147
Block: Kite shield       |    37 |     6 ||    43

Table legend:
 A = Non-vault XP
 B = Vault XP
 C = Vault XP percentage of total XP
 D = Non-vault monster count
 E = Vault monster count
 F = Vault count percentage of total count
                 A         B        C        D         E       F
            +---------+---------+-------+---------+---------+-------
      Total |     326 |       0 |   0.0 |      65 |       0 |   0.0
            +---------+---------+-------+---------+---------+-------
        D:1 |      19 |       0 |   0.0 |       9 |       0 |   0.0
        D:2 |      85 |       0 |   0.0 |      33 |       0 |   0.0
        D:3 |      94 |       0 |   0.0 |      21 |       0 |   0.0
        D:4 |     128 |       0 |   0.0 |       2 |       0 |   0.0
            +---------+---------+-------+---------+---------+-------
